 Dungeon Crawl Stone Soup version 0.28.0 (webtiles) character file.

Game seed: 8333191606677094439

111 GrayStillPlays the Bolt Thrower (level 4, -6/31 HPs)
             Began as an Octopode Hunter on Feb 11, 2022.
             Splashed by a jelly's acid (9 damage)
             ... on level 4 of the Dungeon.
             The game lasted 00:08:07 (2901 turns).

GrayStillPlays the Bolt Thrower (Octopode Hunter)   Turns: 2901, Time: 00:08:07

Health: -6/31      AC:  1    Str: 11    XL:     4   Next: 92%
Magic:  7/7        EV: 13    Int: 15    God:
Gold:   75         SH:  0    Dex: 12    Spells: 6/7 levels left

rFire   . . .      SeeInvis .   b - +0 short sword {short}
rCold   . . .      Faith    .   (no shield)
rNeg    + . .      Spirit   .   (helmet restricted)
rPois   .          Reflect  .   (no amulet)
rElec   .          Harm     .   g - ring of positive energy
rCorr   .          Rampage  .   (no ring)
Will    .....                   (no ring)
Stlth   +++.......              (no ring)
HPRegen 0.10/turn               (no ring)
MPRegen 0.10/turn               (no ring)
                                (no ring)
                                (no ring)

@: no status effects
A: almost no armour, amphibious, 8 rings, camouflage 1, gelatinous body 1,
(nimble swimmer 1), tentacles
a: no special abilities


You were on level 4 of the Dungeon.
You visited 1 branch of the dungeon, and saw 4 of its levels.

You collected 75 gold pieces.


Innate Abilities, Weirdness & Mutations

You cannot wear most types of armour.
You are amphibious.
You can wear up to eight rings at the same time.
Your skin changes colour to match your surroundings (Stealth+).
Your rubbery body absorbs attacks. (AC +1, EV +1)
((You are camouflaged when in or above water. (Stealth+)))
You have tentacles for arms and can constrict up to eight enemies at once.


   Skills:
 + Level 3.1 Fighting
 - Level 4.0 Crossbows
 + Level 3.1 Dodging
 - Level 1.3 Stealth
 + Level 2.0 Spellcasting
 + Level 0.9 Conjurations


You had 6 spell levels left.
You knew the following spells:

 Your Spells              Type           Power      Damage    Failure   Level
a - Foxfire               Conj/Fire      8%         2x1d4     19%         1

Your spell library contained the following spells:

 Spells                   Type           Power      Damage    Failure   Level
 Animate Skeleton         Necr           2%         N/A       22%         1
 Apportation              Tloc           2%         N/A       22%         1
 Summon Small Mammal      Summ           4%         N/A       22%         1
 Conjure Flame            Conj/Fire      2%         6-21      50%         3
 Inner Flame              Hex/Fire       1%         N/A       54%         3
 Flame Wave               Conj/Fire      2%         2d4       88%         4

Inventory:

Hand Weapons
 a - a +1 hand crossbow {crossbow}
 b - a +0 short sword (weapon) {short}
 l - a +0 hand axe {axe}
   (You found it on level 2 of the Dungeon)
Missiles
 c - 3 bolts
 e - 45 stones {throwing}
 k - 27 sling bullets
Jewellery
 g - a ring of positive energy (left tentacle)
   (You found it on level 1 of the Dungeon)
Scrolls
 d - a scroll of teleportation {unknown}
 h - a scroll of noise {unknown}
 i - a scroll of fog {unknown}
 m - a scroll of vulnerability {unknown}
Potions
 f - 2 potions of mutation {!q}
 j - a potion of curing {@q1}
 n - a potion of brilliance {unknown}
 o - a potion of lignification {unknown}

Dungeon Overview and Level Annotations

Branches:
Dungeon (4/15)
 Temple: D:4-7

Altars:
Dithmenos
Sif Muna

Shops:
D:1 !

Annotations:
D:2 Sigmund

.. ## ###### .# ..
.....# .# #.##.##.# .#
#....##.###### .#
#..#)##......# .###
.#...<...####.######....
#....).##.##5........#
####>#..@J...#.#####.#
#.####.####.# #.#### #.
#......## #5.... #
####8..8# #..### #_....#
#..### ###..#####.....
#.....##....##.
###..######.##. #8....⌠#
#....


You could see a jelly and a shadow imp.


Message History

You take 4 damage, and now have 24/31 hp.
You barely miss the gnoll. Your grab misses the gnoll. You squeeze the gnoll.
The gnoll hits you with a +0 whip. The frilled lizard closely misses you.
The gnoll misses you. 😮 HP[-1]
You take 1 damage, and now have 23/31 hp.
You hit the gnoll. Your grab misses the gnoll.
The frilled lizard closely misses you. The gnoll completely misses you.
You hit the gnoll but do no damage. You grab the gnoll. You squeeze the gnoll.
You constrict the gnoll. The frilled lizard closely misses you.
The gnoll closely misses you.
You hit the gnoll but do no damage. You constrict the gnoll.
The frilled lizard bites you. The gnoll barely misses you. 😮 HP[-1]
You take 1 damage, and now have 22/31 hp.
You hit the gnoll but do no damage. You constrict the gnoll.
You kill the gnoll!
The frilled lizard barely misses you.
The frilled lizard bites you but does no damage.
You closely miss the frilled lizard. Your grab misses the frilled lizard.
The frilled lizard closely misses you.
You closely miss the frilled lizard. You grab the frilled lizard.
You constrict the frilled lizard.
You kill the frilled lizard!
You start resting.
You hear the brisk hiss of a very distant avalanche of sand.
You hear the brisk hiss of a very distant avalanche of sand. 😎 HP[+9]
Your hp is fully restored (31).
You can't go down here!
You climb upwards.
The gnoll hits you with a +0 flail!
There is a stone staircase leading down here.
The gnoll hits you with a +0 flail!
You climb downwards.
You hear the hiss of flowing sand.
There is an entrance to an ossuary on this level.
Hurry and find it before the portal is buried!
There is a stone staircase leading up, spattered with blood here. 😮 HP[-14]
You take 14 damage, and now have 17/31 hp.
MASSIVE DAMAGE!! (PAUSE)
You hit the gnoll. Your grab misses the gnoll.
The gnoll hits you with a +0 flail.
* * * LOW HITPOINT WARNING * * *
The gnoll closely misses you. 😨 HP[-2]
You take 2 damage, and now have 15/31 hp.
You hit the gnoll. You grab the gnoll.
You constrict the gnoll, but do no damage.
The gnoll drinks a potion.
The gnoll is healed!
You hit the gnoll. You constrict the gnoll.
You kill the gnoll!
Your Spellcasting skill increases to level 2!
You see here a +0 flail {mace}.
You start resting. 😮 HP[+1] MP[+1]
Your mp is fully restored (7).
You start resting.
You hear the brisk hiss of a very distant avalanche of sand.
You hear the quick hiss of a very distant avalanche of sand.
You hear the quick hiss of a very distant avalanche of sand. 😎 HP[+15]
Your hp is fully restored (31).
There is a stone staircase leading up, spattered with blood here.
Found a shadowy altar of Dithmenos.
Found a shimmering blue altar of Sif Muna.
You hear the rapid hiss of an avalanche of sand nearby.
d - a scroll labelled XADUTWUHOQ A jelly comes into view.
A shadow imp comes into view.
The shadow imp shouts, "Leave, thou mangled earth-vexing blabberskite!"
The jelly quivers.
You hit the jelly.
Your tentacles burn!
The jelly completely misses you. 😕 HP[-1]
You take 1 damage, and now have 30/31 hp.
You hit the jelly.
Your tentacles burn!
The jelly hits you.
You are splashed with acid!
* * * LOW HITPOINT WARNING * * *
😨 HP[-17]
You take 17 damage, and now have 13/31 hp.
MASSIVE DAMAGE!! (PAUSE)
You hit the jelly.
Your tentacles burn!
* * * LOW HITPOINT WARNING * * *
The jelly hits you.
* * * LOW HITPOINT WARNING * * *
You are splashed with acid!
* * * LOW HITPOINT WARNING * * *
😱 HP[-11]
You take 11 damage, and now have 2/31 hp.
MASSIVE DAMAGE!! (PAUSE)
The jelly jiggles. 😱 HP[+1]
You hear the rapid hiss of a distant avalanche of sand.
The shadow imp lashes its tail. 😱 HP[+1]
The shadow imp grinds its teeth.
The jelly hits you.
* * * LOW HITPOINT WARNING * * *
You are splashed with acid!
You die...

Skill      XL: |  1  2  3  4 |
---------------+-------------+-----
Spellcasting   | 1 2 |  2.0
Fighting       | 3 |  3.1
Dodging        | 3 |  3.1
Crossbows      | |  4.0
Stealth        | |  1.3
Conjurations   | |  0.9

Action                   |  1- 3 |  4- 6 || total
-------------------------+-------+-------++-------
Melee: Short sword       |     7 |    34 ||    41
       Constrict         |     2 |     8 ||    10
       Tentacles         |     1 |    10 ||    11
 Fire: Hand crossbow     |    73 |    14 ||    87
Throw: Stone             |       |     1 ||     1
 Cast: Foxfire           |       |     4 ||     4
  Use: Scroll            |       |     2 ||     2
Armor: Skin              |     2 |     3 ||     5
Dodge: Dodged            |    23 |    35 ||    58

Levels and vault maps discovered:
D:1:      dpeg_arrival_simpleton_c, layout_basic, serial_rivers,
          chequers_serial_rivers_small_a, chequers_serial_rivers_micro_c,
          chequers_serial_rivers_room_b, chequers_serial_rivers_large_a,
          chequers_serial_rivers_micro_a, basic_ecumenical_altar, serial_shops,
          shop_statue, minmay_misc_feat_diagonals, chequers_garden
D:2:      minmay_recursive_quarters, layout_loops_cross, minmay_distorted,
          uniq_sigmund
D:3:      layout_loops_ring, old_standard_altar, serial_shops, shop_statue,
          uniq_crazy_yiuf_cottage
D:4:      layout_loops_cross, minitemple, nicolae_ossuary_entry_monument

Notes
Turn   | Place    | Note
-------+----------+-------------------------------------------
     0 | D:1      | GrayStillPlays the Octopode Hunter began the quest for the
                  | Orb.
     0 | D:1      | Reached XP level 1. HP: 14/14 MP: 1/1
     0 | D:1      | magus.rc [v1.9.6]
   100 | D:1      | Found Iczyodae's Distillery.
   140 | D:1      | You pick up a book of Cantrips and begin reading...
   140 | D:1      | You add the spells Animate Skeleton, Summon Small Mammal
                  | and Apportation to your library.
   455 | D:1      | Reached XP level 2. HP: 19/19 MP: 2/2
   658 | D:1      | Found a faded altar of an unknown god.
   920 | D:2      | Reached skill level 1 in Spellcasting
   929 | D:2      | Reached XP level 3. HP: 25/25 MP: 4/4
  1291 | D:2      | Reached XP level 4. HP: 12/30 MP: 4/6
  1530 | D:2      | You pick up a book of Flames and begin reading...
  1530 | D:2      | You add the spells Foxfire, Conjure Flame, Inner Flame and
                  | Flame Wave to your library.
  1533 | D:2      | Learned a level 1 spell: Foxfire
  1651 | D:2      | Noticed Sigmund
  2153 | D:2      | Reached skill level 3 in Fighting
  2184 | D:2      | Reached skill level 3 in Dodging
  2319 | D:3      | HP: 6/31 [gnoll (15)]
  2336 | D:3      | Noticed a necrophage
  2668 | D:4      | Reached skill level 2 in Spellcasting
  2830 | D:4      | Found a shadowy altar of Dithmenos.
  2838 | D:4      | Found a shimmering blue altar of Sif Muna.
  2878 | D:4      | HP: 2/31 [acid (7)]
  2901 | D:4      | HP: 3/31 [jelly (1)]
  2901 | D:4      | Splashed by a jelly's acid

Vanquished Creatures
  2 adders (D:2)
  3 gnolls
  3 worms (D:2)
  2 dart slugs (D:2)
  An orc (D:2)
  A bat skeleton (D:2)
  6 endoplasms
  2 giant cockroaches
  4 hobgoblins
  A kobold (D:2)
  A quokka (D:1)
  6 ball pythons
  5 bats
  6 frilled lizards
  7 goblins
  3 rats
53 creatures vanquished.

Vanquished Creatures (others)
  5 foxfires (D:3)
5 creatures vanquished.

Grand Total: 58 creatures vanquished

Table legend:
 A = Non-vault XP
 B = Vault XP
 C = Vault XP percentage of total XP
 D = Non-vault monster count
 E = Vault monster count
 F = Vault count percentage of total count
                 A         B        C        D         E       F
            +---------+---------+-------+---------+---------+-------
      Total |     116 |      43 |  27.0 |      43 |      10 |  18.9
            +---------+---------+-------+---------+---------+-------
        D:1 |      25 |       0 |   0.0 |      18 |       0 |   0.0
        D:2 |      44 |      43 |  49.4 |      18 |      10 |  35.7
        D:3 |      17 |       0 |   0.0 |       3 |       0 |   0.0
        D:4 |      30 |       0 |   0.0 |       4 |       0 |   0.0
            +---------+---------+-------+---------+---------+-------

Illustrated notes

Table legend:
 A = Kills in this place as a percentage of kills in entire the game.
 B = Kills by you in this place as a percentage of kills by you in the entire game.
 C = Kills by friends in this place as a percentage of kills by friends in the entire game.
 D = Other kills in this place as a percentage of other kills in the entire game.
 E = Experience gained in this place as a percentage of experience gained in the entire game.
 F = Experience gained in this place divided by the number of levels of this place that you have seen.
                   A       B       C       D       E      F
               +-------+-------+-------+-------+-------+----------------------
         Total | 100.0 | 100.0 |   N/A |   N/A | 100.0 |  39.8
       Dungeon | 100.0 | 100.0 |   N/A |   N/A | 100.0 |  39.8
               +-------+-------+-------+-------+-------+----------------------

Table legend: (Time is in decaauts)
 A = Elapsed time spent in this place.
 B = Non-inter-level travel time spent in this place.
 C = Inter-level travel time spent in this place.
 D = Time resting spent in this place.
 E = Time spent auto-exploring this place.
 F = Levels seen in this place.
 G = Mean time per level.
                   A        B        C        D        E       F      G
               +--------+--------+--------+--------+--------+-----+--------+
         Total |   2933 |   2747 |    186 |    932 |   1203 |   4 |  733.2 |
       Dungeon |   2933 |   2747 |    186 |    932 |   1203 |   4 |  733.2 |
               +--------+--------+--------+--------+--------+-----+--------+

Top non-repeatable levels by time:
     D:1: 1392 daAuts
     D:2: 927 daAuts
     D:4: 512 daAuts
     D:3: 101 daAuts
